 Dungeon Crawl Stone Soup version 0.18-a0-1157-g59db91b (webtiles) character file.

31 ThermosAquaticus the Ruffian (level 3, -5/28 HPs)
             Began as a Draconian Transmuter on Jan 23, 2016.
             Killed from afar by Ijyb (7 damage)
             ... with a wand of flame
             ... on level 2 of the Dungeon.
             The game lasted 00:03:28 (1465 turns).

ThermosAquaticus the Ruffian (Draconian Transmuter) Turns: 1465, Time: 00:03:28

Health: -5/28      AC:  5    Str: 12    XL:     3   Next: 7%
Magic:  1/6        EV: 12    Int: 14    God:
Gold:   96         SH:  0    Dex: 11    Spells: 2 memorised, 3 levels left

rFire  . . .     SeeInvis .       - Unarmed
rCold  . . .     Gourm    .     (armour unavailable)
rNeg   . . .     Faith    .     (no shield)
rPois  .         Spirit   .     (helmet restricted)
rElec  .         Dismiss  .     (no cloak)
rCorr  .         Reflect  .     (no gloves)
SustAt .         Harm     .     (no boots)
MR     .....                    (no amulet)
Stlth  +.........               (no ring)
                                (no ring)

@: very slightly contaminated, not resistant to hostile enchantments, very
unstealthy
A: unfitting armour, cold-blooded, AC +5
a: no special abilities


You were on level 2 of the Dungeon.
You were not hungry.

You visited 1 branch of the dungeon, and saw 2 of its levels.

You collected 96 gold pieces.

Inventory:

Missiles
 a - 11 arrows
Scrolls
 e - 3 scrolls of identify {unknown}
 f - a scroll of random uselessness {unknown}
 g - a scroll of magic mapping {unknown}
 i - 2 scrolls of remove curse {unknown}
 j - a scroll of amnesia {unknown}
Potions
 d - a potion of might {unknown}
 k - a potion of cure mutation {unknown}
Books
 b - a book of Changes

   Spells                             Type                      Level
   a - Beastly Appendage              Transmutation                1
   b - Sticks to Snakes               Transmutation                2
   c - Spider Form                    Transmutation/Poison         3
   d - Ice Form                       Ice/Transmutation            4
   e - Blade Hands                    Transmutation                5
Comestibles
 c - a bread ration
 h - 2 meat rations


   Skills:
 - Level 1.1 Fighting
 - Level 1.7 Dodging
 + Level 4.2 Unarmed Combat
 - Level 2.0 Spellcasting
 - Level 2.0 Transmutations


You had 3 spell levels left.
You knew the following spells:

 Your Spells              Type           Power        Failure   Level  Hunger
a - Beastly Appendage     Trmt           #.....       12%         1    ##.....
b - Sticks to Snakes      Trmt           #.......     17%         2    ###....


Dungeon Overview and Level Annotations

Branches:
Dungeon (2/15)

Altars:

Annotations:
D:2 Ijyb


Innate Abilities, Weirdness & Mutations

Your plain brown scales are hard (AC +5).
Your body does not fit into most forms of armour.
You are cold-blooded and may be slowed by cold attacks.


Message History

Your ball python constricts the bat.
The bat dies!
You closely miss Ijyb.
Ijyb is moderately wounded.
Your ball python closely misses Ijyb. x2
Ijyb zaps a wand.
The puff of flame hits you!
* * * LOW HITPOINT WARNING * * *
Drink which item? (? for menu, Esc to quit)
You feel better.
Your ball python misses Ijyb.
Your ball python grabs Ijyb.
Your ball python constricts Ijyb.
Ijyb zaps a wand.
The puff of flame hits you!
* * * LOW HITPOINT WARNING * * *
You barely miss Ijyb.
Your tail-slap misses Ijyb.
Ijyb is moderately wounded.
Your ball python bites Ijyb but does no damage.
Your ball python constricts Ijyb.
Ijyb barely misses you.
You barely miss Ijyb. You tail-slap Ijyb.
Ijyb is heavily wounded.
Your ball python bites Ijyb but does no damage.
Your ball python constricts Ijyb.
Ijyb zaps a wand.
The puff of flame hits you!
You die...

+...............
###.
##########..##).
....... #..##.#
....... #..##.#
....... #......
....... #.###.#
......##
###.###..
#...S#######
#........
+...†g@....##
#........
#....#####..#
#........
........# ##.#
#........
.....(..# #.#
#........
........# #.#
#........
........#
#.###........
........#
#..##........
...#....#
##.####.#####
####..... #..#
#.#


You could see Ijyb and a friendly ball python.

Vanquished Creatures
  2 oozes (D:1)
  A giant cockroach (D:1)
  3 goblins
  A hobgoblin (D:1)
  2 kobolds
  6 bats
  A giant newt (D:1)
  7 rats
23 creatures vanquished.

Vanquished Creatures (collateral kills)
  A bat (D:2)
1 creature vanquished.

Grand Total: 24 creatures vanquished

Notes
Turn   | Place    | Note
--------------------------------------------------------------
     0 | D:1      | ThermosAquaticus the Draconian Transmuter began the quest for the Orb.
     0 | D:1      | Reached XP level 1. HP: 16/16 MP: 3/3
   157 | D:1      | Reached XP level 2. HP: 5/23 MP: 5/5
   681 | D:1      | Reached skill level 4 in Unarmed Combat
   685 | D:1      | Learned a level 2 spell: Sticks to Snakes
  1224 | D:2      | Reached XP level 3. HP: 18/28 MP: 6/6
  1436 | D:2      | Noticed Ijyb
  1462 | D:2      | HP: 1/28 [Ijyb/wand of flame (10)]
  1465 | D:2      | Killed from afar by Ijyb

Vault maps used:
D:1:      minmay_arrival_glassed_features
D:2:      lemuel_coloured_pillars_altar, uniq_jessica, uniq_iyjb, uniq_terence

Action                   || total
-------------------------++-------
Melee: Unarmed           ||    94
 Cast: Beastly Appendage ||    15
       Sticks to Snakes  ||     1
  Use: Potion            ||     1
 Stab: Sleeping          ||     1
  Eat: Chunk             ||     2
